 Dungeon Crawl Stone Soup version 0.30-a0-571-gdf30a72648 (webtiles) character file.

Game seed: 9253128981701346880

15864 wormed the Covert (level 12, -20/63 HPs)
             Began as a Spriggan Hunter on Dec 30, 2022.
             Was a High Priest of Okawaru.
             Killed from afar by a tengu reaver (35 damage)
             ... with a bolt of poison
             ... on level 12 of the Dungeon.
             The game lasted 00:16:45 (11168 turns).

wormed the Covert (Spriggan Hunter)                Turns: 11168, Time: 00:16:46

Health: -20/63     AC:  6    Str:  7    XL:     12   Next: 5%
Magic:  19/19      EV: 28    Int: 11    God:    Okawaru [*****.]
Gold:   734        SH:  0    Dex: 23    Spells: 17/19 levels left

rFire   . . .      SeeInvis +    D - +0 arbalest
rCold   . . .      Faith    .    (shield currently unavailable)
rNeg    . . .      Spirit   .    G - +0 steam dragon scales
rPois   .          Reflect  .    (helmet restricted)
rElec   .          Harm     .    q - +0 cloak {Will+}
rCorr   .          Rampage  .    (gloves unavailable)
Will    +++..                    (boots unavailable)
Stlth   ++++++                   (no amulet)
HPRegen 0.30/turn                (no ring)
MPRegen 0.16/turn                (no ring)

@: lethally poisoned (-20 -> -36), very quick
A: very small, no large weapons, unfitting armour, see invisible, speed 3
a: Renounce Religion, Heroism, Finesse, Duel


You were on level 12 of the Dungeon.
You worshipped Okawaru.
Okawaru was extremely pleased with you.
You visited 2 branches of the dungeon, and saw 13 of its levels.

You collected 734 gold pieces.

Inventory:

Hand Weapons
 D - a +0 arbalest (weapon)
Missiles
 p - 5 throwing nets
Armour
 c - a +1 buckler of protection
 q - a +0 cloak of willpower (worn)
 G - +0 steam dragon scales (worn)
Jewellery
 I - a +6 ring of strength
Wands
 z - a wand of paralysis (27)
 B - a wand of iceblast (10)
 J - a wand of polymorph (4)
 K - a wand of acid (8)
Scrolls
 b - 4 scrolls of immolation
 f - 2 scrolls of vulnerability {unknown}
 g - 2 scrolls of amnesia {unknown}
 h - 5 scrolls of summoning {unknown}
 i - 10 scrolls of teleportation
 j - 2 scrolls of enchant armour {unknown}
 m - 3 scrolls of magic mapping {unknown}
 n - 4 scrolls of enchant weapon {unknown}
 o - 2 scrolls of noise {unknown}
 s - a scroll of torment {unknown}
 u - a scroll of fog {unknown}
 y - a scroll of brand weapon {unknown}
 E - a scroll of poison {unknown}
Potions
 a - a potion of resistance
 d - 4 potions of brilliance
 e - 4 potions of haste
 k - 3 potions of invisibility
 l - 4 potions of might
 r - 6 potions of curing
 t - 2 potions of magic
 v - 2 potions of lignification
 w - 2 potions of flight {unknown}
 x - 6 potions of attraction {unknown}
 A - 4 potions of mutation {unknown}
 C - 2 potions of berserk rage {unknown}
 F - 5 potions of degeneration {unknown}
 H - 2 potions of heal wounds


   Skills:
 + Level 7.4 Fighting
 * Level 12.8 Ranged Weapons
 + Level 11.5 Dodging
 + Level 13.3 Stealth
 - Level 4.0 Spellcasting
 - Level 4.0 Translocations


You had 17 spell levels left.
You knew the following spells:

 Your Spells              Type           Power      Damage    Failure   Level
a - Blink                 Tloc           22%        N/A       7%          2

Your spell library contained the following spells:

 Spells                   Type           Power      Damage    Failure   Level
 Lesser Beckoning         Tloc           22%        N/A       14%         3
 Momentum Strike          Conj/Tloc      12%        3d8       16%         2
 Kiss of Death            Conj/Necr      8%         2d6       24%         1
 Sublimation of Blood     Necr           2%         N/A       34%         2
 Wereblood                Tmut           2%         N/A       34%         2
 Confusing Touch          Hex            2%         N/A       56%         3
 Ozocubu's Armour         Ice            2%         N/A       56%         3
 Dispel Undead            Necr           2%         3d7       93%         4
 Petrify                  Tmut/Erth      2%         N/A       93%         4
 Irradiate                Conj/Tmut      1%         3d12      100%        5
 Metabolic Englaciation   Hex/Ice        1%         N/A       100%        5
 Conjure Ball Lightning   Conj/Air       1%         3x3d7     100%        6
 Storm Form               Tmut/Air       1%         N/A       100%        7
 Discord                  Hex            1%         N/A       100%        8
 Disjunction              Tloc           5%         N/A       100%        8
 Maxwell's Capacitive Co  Air            1%         ∞         100%        8
 Summon Lightning Spire   Summ/Air       Unusable   N/A       N/A         4
 Simulacrum               Ice/Necr       Unusable   N/A       N/A         6
 Summon Hydra             Summ           Unusable   N/A       N/A         7

Dungeon Overview and Level Annotations

Branches:
Dungeon (12/15)            Temple (1/1) D:6            Lair (0/5) D:10
    Orc (0/2) D:10

Altars:
Ashenzari
Cheibriados
Dithmenos
Fedhas
Hepliaklqana
Kikubaaqudgha
Makhleb
Okawaru
Sif Muna
Uskayaw
Vehumet
Yredelemnul
The Shining One

Annotations:
D:5 3 runed translucent doors, SkeletonJelly's ghost, novice MiFi


Innate Abilities, Weirdness & Mutations

You are very small and have problems with some larger weapons.
You are too small for most types of armour.
You have supernaturally acute eyesight. (SInv)
You cover ground extremely quickly. (Speed+++)


Message History

Found an escape hatch in the ceiling.
Found a book of Beasts.
You open the door.
There is an open door here.
You open the door.
There is an open door here.
You pick up a book of Winter and begin reading...
You add the spells Ozocubu's Armour and Metabolic Englaciation to your library.
You hear the faint crackling of a distant melting archway.
Found a mace.
i - 10 scrolls of teleportation (gained 2)
A - 4 white potions (gained 1)
t - 2 potions of magic (gained 1)
Found a stone staircase leading up.
F - 5 sedimented clear potions (gained 2)
You open the door.
There is an open door here.
As you open the door, it creaks loudly!
A tengu reaver comes into view. It is wielding a +0 war axe.
The tengu reaver moves out of view.
Found 7 stones.
You shoot a bolt. The tengu reaver blocks the bolt.
The tengu reaver points at you and mumbles some strange words.
The bolt of negative energy misses you.
You hear the faint crackling of a melting archway nearby.
You shoot a bolt. The tengu reaver blocks the bolt.
You shoot a bolt.
The bolt barely misses the tengu reaver.
You shoot a bolt. The bolt hits the tengu reaver!!
The tengu reaver is moderately wounded.
The tengu reaver points at you and mumbles some strange words.
The bolt of negative energy misses you.
The tengu reaver points at you and mumbles some strange words.
The bolt of cold hits you!!!
Ouch! That really hurt!
* * * LOW HITPOINT WARNING * * *
The tengu reaver points at you and mumbles some strange words.
The bolt of poison hits you!!
You are lethally poisoned!
Ouch! That really hurt!
You die...

#.......# #######'## ###
#.......# ..# #+#####'##########
#.# .................# #.#
...........Q.....# #.# #
.8.....>.........# ####.#######
.....+...........#####.......##..
................@'...........#..#
#'###............#####.........##
... ##...........# #.......####
.... ####'######## #####.### #
....# #.# ####.# # ....# #.##
#....# # ..(## #..# ###.######
#### ###.###### #........# #.##
#........# ###........#


You could see a tengu reaver.

Vanquished Creatures
  Harold (D:11)
  A boulder beetle (D:8)
  5 two-headed ogres
  Sonja (D:11)
  A manticore (D:12)
  2 ugly things
  A cyclops (D:11)
  A gargoyle (D:7)
  An unseen horror zombie (D:9)
  A kobold demonologist (D:10)
  Maggie (D:7)
  2 trolls (D:10)
  Grinder (D:4)
  A shadow (D:6)
  Eustachio (D:4)
  2 wraiths
  5 wyverns
  A vampire (D:11)
  5 yaks
  Grum (D:11)
  3 basilisks (D:10)
  A steam dragon (D:8)
  3 vampire mosquitoes (D:9)
  An acid dragon (D:10)
  6 water moccasins
  A sky beast (D:8)
  A black bear (D:5)
  2 ice beasts
  2 orc warriors
  3 wolves (D:11)
  2 ogres
  3 centaurs
  A phantom (D:5)
  A kobold brigand (D:11)
  3 bullfrogs (D:7)
  4 necrophages
  6 scorpions
  9 wights
  4 howler monkeys
  A hound (D:7)
  2 quasits (D:8)
  A centaur zombie (D:9)
  3 jellies
  10 orc priests
  2 gnoll boudas (D:7)
  Terence (D:3)
  7 iguanas
  8 orc wizards
  Robin (D:4)
  10 gnolls
  8 adders
  3 white imps
  4 ufetubi
  A worm (D:2)
  3 dart slugs
  33 orcs
  10 endoplasms
  A giant cockroach (D:3)
  14 goblins
  8 hobgoblins
  4 jackals (D:3)
  13 kobolds
  3 quokkas
  7 ball pythons
  3 bats
  4 frilled lizards
  5 rats
261 creatures vanquished.

Vanquished Creatures (others)
  3 demonic plants (D:8)
  5 fungi (D:10)
  16 plants
24 creatures vanquished.

Grand Total: 285 creatures vanquished

Notes
Turn   | Place    | Note
-------+----------+-------------------------------------------
     0 | D:1      | wormed the Spriggan Hunter began the quest for the Orb.
     0 | D:1      | Reached XP level 1. HP: 10/10 MP: 2/2
   155 | D:1      | Reached skill level 2 in Stealth
   164 | D:1      | Reached XP level 2. HP: 15/15 MP: 3/3
   399 | D:1      | Found Atoyrch's Weapon Boutique.
   847 | D:2      | Reached XP level 3. HP: 18/18 MP: 4/4
  1024 | D:2      | Reached skill level 3 in Stealth
  1039 | D:2      | Reached XP level 4. HP: 10/23 MP: 5/5
  1366 | D:3      | Found a hazy altar of Hepliaklqana.
  1499 | D:3      | HP: 1/23 [jackal (2)]
  1644 | D:3      | Found a radiant altar of Vehumet.
  1757 | D:3      | Reached skill level 5 in Ranged Weapons
  1757 | D:3      | Reached XP level 5. HP: 25/27 MP: 6/6
  1877 | D:3      | Found a burning altar of Makhleb.
  1907 | D:3      | Identified the +2 ring mail of Peek-a-Boo {Rampage Will-
                  | Regen+ Dex+5}
  1931 | D:3      | Noticed Terence
  2027 | D:3      | Killed Terence
  2320 | D:4      | Noticed Robin
  2351 | D:4      | Reached skill level 4 in Stealth
  2355 | D:4      | Killed Robin
  2602 | D:4      | Noticed Grinder
  2619 | D:4      | Reached XP level 6. HP: 23/32 MP: 7/7
  2637 | D:4      | Killed Grinder
  2638 | D:4      | Reached skill level 5 in Dodging
  2638 | D:4      | Reached skill level 5 in Stealth
  2797 | D:4      | Reached XP level 7. HP: 36/36 MP: 8/8
  2885 | D:4      | Found a hide-covered altar of Uskayaw.
  3184 | D:4      | Noticed Eustachio
  3337 | D:4      | Killed Eustachio
  3338 | D:4      | Reached skill level 6 in Stealth
  3460 | D:5      | Entered Level 5 of the Dungeon
  3605 | D:5      | Reached XP level 8. HP: 42/42 MP: 9/9
  4046 | D:5      | Reached skill level 7 in Stealth
  4096 | D:5      | You fall into a shaft and drop 2 floors!
  4416 | D:7      | Noticed Maggie
  4663 | D:7      | Killed Maggie
  4664 | D:7      | Reached skill level 8 in Stealth
  4790 | D:7      | Reached XP level 9. HP: 33/46 MP: 10/10
  4874 | D:7      | Noticed a brown ugly thing
  4876 | D:7      | Noticed a gargoyle
  5278 | D:5      | Found a runed translucent gate.
  5278 | D:5      | Found a runed translucent gate.
  5278 | D:5      | Found a runed translucent gate.
  5279 | D:5      | Noticed SkeletonJelly's ghost (novice MiFi)
  5642 | D:6      | Reached skill level 9 in Stealth
  5938 | D:6      | Found a staircase to the Ecumenical Temple.
  5990 | D:6      | Reached skill level 5 in Fighting
  6185 | Temple   | Entered the Ecumenical Temple
  6192 | Temple   | Became a worshipper of Warmaster Okawaru
  6392 | D:6      | Learned a level 2 spell: Blink
  6560 | D:7      | Reached skill level 1 in Translocations
  6691 | D:7      | Reached skill level 1 in Spellcasting
  6971 | D:7      | Killed a gargoyle
  6972 | D:7      | Reached XP level 10. HP: 51/51 MP: 14/14
  7014 | D:7      | Killed a brown ugly thing
  7014 | D:7      | Reached * piety under Okawaru
  7015 | D:7      | Reached skill level 10 in Ranged Weapons
  7015 | D:7      | Reached skill level 10 in Stealth
  7111 | D:8      | Noticed a boulder beetle
  7149 | D:8      | Killed a boulder beetle
  7310 | D:8      | Reached ** piety under Okawaru
  8612 | D:9      | Reached skill level 11 in Stealth
  8665 | D:9      | Found a basalt altar of Yredelemnul.
  8817 | D:9      | Noticed a two-headed ogre
  8832 | D:9      | Killed a two-headed ogre
  8851 | D:9      | Reached *** piety under Okawaru
  8861 | D:9      | Reached XP level 11. HP: 34/56 MP: 18/18
  9020 | D:10     | Entered Level 10 of the Dungeon
  9034 | D:10     | Noticed a two-headed ogre
  9043 | D:10     | Noticed a two-headed ogre
  9044 | D:10     | Killed a two-headed ogre
  9045 | D:10     | Reached skill level 10 in Dodging
  9057 | D:10     | Killed a two-headed ogre
  9246 | D:10     | Found a staircase to the Orcish Mines.
  9255 | D:10     | Reached skill level 12 in Stealth
  9267 | D:10     | Received a gift from Okawaru
  9280 | D:10     | Noticed a two-headed ogre
  9443 | D:10     | Killed a two-headed ogre
  9521 | D:10     | Found a shadowy altar of Dithmenos.
  9573 | D:10     | Reached **** piety under Okawaru
  9700 | D:10     | Found a staircase to the Lair.
  9799 | D:10     | Found a shimmering blue altar of Sif Muna.
 10046 | D:11     | Noticed Grum
 10101 | D:11     | Killed Grum
 10251 | D:11     | Noticed Harold
 10296 | D:11     | Killed Harold
 10401 | D:11     | Noticed a green ugly thing
 10412 | D:11     | Killed a green ugly thing
 10412 | D:11     | Reached ***** piety under Okawaru
 10413 | D:11     | Reached skill level 13 in Stealth
 10505 | D:11     | Noticed a two-headed ogre
 10554 | D:11     | Killed a two-headed ogre
 10751 | D:11     | Identified the +7 falchion "Jellyslayer" {heavy, Str+6
                  | Dex-5}
 10817 | D:11     | Noticed Sonja
 10822 | D:11     | Killed Sonja
 10822 | D:11     | Received a gift from Okawaru
 10823 | D:11     | Reached XP level 12. HP: 63/63 MP: 19/19
 11148 | D:12     | Noticed a tengu reaver
 11168 | D:12     | Killed from afar by a tengu reaver

Illustrated notes

Levels and vault maps discovered:
D:1:      dpeg_arrival_tiny_a, layout_loops_ring, serial_shops, shop_statue
D:2:      layout_loops_ring
D:3:      layout_loops_ring, lemuel_doored_altar, lemuel_crystal_altar,
          nicolae_hepliaklqana_hazy_memory, minmay_quantized, uniq_terence
D:4:      layout_basic, overflow_temple_1_default, uniq_eustachio, uniq_grinder,
          uniq_robin
D:5:      layout_gridville, gammafunk_ghost_necromancy
D:6:      layout_basic, minmay_temple_entry_arrows
D:7:      minmay_chambers_of_sevens, layout_loops_ring, enter_bailey_1,
          uniq_maggie
D:8:      layout_loops_ring, serial_demonic, serial_demonic_b, serial_demonic_f,
          serial_demonic_b, serial_demonic_f, serial_demonic_g,
          serial_demonic_e, serial_demonic_e
D:9:      layout_roguey, lemuel_zombie_altar_yredelemnul, serial_glass,
          glass_columns_b, glass_columns_a
D:10:     layout_cave_pools, lemuel_round_altar, mainiacjoe_overflow_alcove_4,
          minmay_lair_entry_grove, solitary_fountain
D:11:     layout_roguey, uniq_sonja, uniq_harold, uniq_grum
D:12:     layout_roguey, portal_ice_cave_demonic_guard,
          nicolae_trove_entry_crystal, minmay_three_doors
Temple:   hellmonk_temple_of_storms

Skill      XL: |  1  2  3  4  5  6  7  8  9 10 11 |
---------------+----------------------------------+-----
Stealth        | 2 3 4 5 6 8 9 11 13 | 13.3
Dodging        | 3 4 5 6 7 8 9 11 | 11.5
Fighting       | 2 3 4 5 6 7 |  7.4
Ranged Weapons | 5 6 7 8 9 11 12 | 12.8
Translocations | 2 4 |  4.0
Spellcasting   | 2 4 |  4.0

Action                   |  1- 3 |  4- 6 |  7- 9 | 10-12 || total
-------------------------+-------+-------+-------+-------++-------
 Fire: Shortbow          |    84 |   186 |   317 |       ||   587
       Arbalest          |       |       |    88 |   392 ||   480
  Use: Potion            |       |     1 |     1 |       ||     2
       Scroll            |       |       |     1 |     7 ||     8
Armor: Robe              |     1 |    13 |    11 |       ||    25
       Steam dragon scal |       |       |       |    23 ||    23
Dodge: Dodged            |    11 |   110 |   191 |   265 ||   577

Table legend: (Time is in decaauts)
 A = Elapsed time spent in this place.
 B = Non-inter-level travel time spent in this place.
 C = Inter-level travel time spent in this place.
 D = Time resting spent in this place.
 E = Time spent auto-exploring this place.
 F = Levels seen in this place.
 G = Mean time per level.
                   A        B        C        D        E       F      G
               +--------+--------+--------+--------+--------+-----+--------+
         Total |   8512 |   8303 |    209 |    342 |   5821 |  13 |  654.8 |
       Dungeon |   8502 |   8293 |    209 |    342 |   5821 |  12 |  708.5 |
        Temple |     10 |     10 |      0 |      0 |      0 |   1 |   10.0 |
               +--------+--------+--------+--------+--------+-----+--------+

Top non-repeatable levels by time:
     D:7: 1068 daAuts
     D:6: 940 daAuts
     D:8: 937 daAuts
     D:4: 868 daAuts
     D:9: 849 daAuts
    D:11: 750 daAuts
     D:5: 737 daAuts
     D:3: 720 daAuts
    D:10: 541 daAuts
     D:2: 510 daAuts
     D:1: 368 daAuts
    D:12: 208 daAuts
  Temple: 10 daAuts
